 Dungeon Crawl Stone Soup version 0.30.1-11-g7821555f0a (webtiles) character file.

Game seed: 2669401678902749685

4986 laros the Cleaver (level 10, 0/90 HPs)
             Began as a Minotaur Berserker on Dec 23, 2023.
             Was a High Priest of Trog.
             Shot with an arrow by a centaur (5 damage)
             ... on level 9 of the Dungeon.
             The game lasted 00:12:24 (9850 turns).

laros the Cleaver (Minotaur Berserker)              Turns: 9850, Time: 00:12:25

Health: 0/90       AC: 17    Str: 27    XL:     10   Next: 29%
Magic:  3/3        EV:  9    Int:  4    God:    Trog [*****.]
Gold:   618        SH:  0    Dex:  9    Spells: 9/9 levels left

rFire   + . .        K - +2 executioner's axe (antimagic)
rCold   . . .        (shield currently unavailable)
rNeg    . . .        D - +0 plate armour {rF+}
rPois   .            (helmet restricted)
rElec   .            G - +1 cloak {Will+}
rCorr   .            (no gloves)
SInv    .            (no boots)
Will    ++...        (no amulet)
Stlth   x              - ring of willpower
HPRegen 0.35/turn    (no ring)
MPRegen 0.08/turn

%: no passive effects
@: on berserk cooldown, slowed, very slow
A: horns 2, retaliatory headbutt, passive freeze, no potion heal 1, inability to
drink after injury 1
a: Renounce Religion, Berserk, Trog's Hand, Brothers in Arms


You were on level 9 of the Dungeon.
You worshipped Trog.
Trog was extremely pleased with you.
You visited 2 branches of the dungeon, and saw 10 of its levels.
You also visited: Sewer and Ossuary.

You collected 728 gold pieces.
You spent 110 gold pieces at shops.

Inventory:

Hand Weapons
 a - a +2 heavy hand axe
 A - a +1 battleaxe of electrocution
 K - a +2 antimagic executioner's axe (weapon)
Missiles
 p - 13 boomerangs (quivered)
 t - 5 silver boomerangs
 E - a curare-tipped dart
 H - 7 poisoned darts
Armour
 D - a +0 plate armour of fire resistance (worn)
 G - a +1 cloak of willpower (worn)
Jewellery
 x - a ring of willpower (left hand)
 L - a ring of protection from cold
Wands
 b - a wand of paralysis (32)
 g - a wand of polymorph (17)
 F - a wand of flame (12)
Scrolls
 c - 3 scrolls of fear {unknown}
 d - 12 scrolls of identify {unknown}
 f - a scroll of noise {unknown}
 h - 2 scrolls of teleportation {unknown}
 i - 2 scrolls of enchant weapon {unknown}
 m - 2 scrolls of immolation {unknown}
 q - 3 scrolls of poison {unknown}
 w - 3 scrolls of blinking {unknown}
 y - 2 scrolls of vulnerability {unknown}
 B - 2 scrolls of magic mapping {unknown}
 I - 2 scrolls of torment {unknown}
 J - a scroll of enchant armour {unknown}
Potions
 e - a potion of flight {unknown}
 j - 3 potions of curing
 k - 2 potions of lignification {unknown}
 l - a potion of might {unknown}
 n - a potion of resistance {unknown}
 o - 2 potions of haste
 r - a potion of invisibility {unknown}
 s - 2 potions of cancellation {unknown}
 u - 3 potions of heal wounds {unknown}
 v - a potion of berserk rage {unknown}
 z - 3 potions of degeneration {unknown}
 C - a potion of ambrosia {unknown}


   Skills:
 + Level 8.6 Fighting
 + Level 12.1 Axes
 + Level 10.4 Armour
 + Level 4.8 Dodging
 + Level 2.1 Stealth


You had 9 spell levels left.
You didn't know any spells.
Your spell library was empty.

Dungeon Overview and Level Annotations

Branches:
Dungeon (9/15)             Temple (1/1) D:4            Lair (0/5) D:9
  Sewer (visited)         Ossuary (visited)
    Orc: D:9-12

Altars:
Ashenzari
Cheibriados
Hepliaklqana
Kikubaaqudgha
Makhleb
Nemelex Xobeh
Okawaru
Qazlal
Sif Muna
Uskayaw
Wu Jian
Xom

Shops:
D:1 [   D:2 !   D:5 :


Innate Abilities, Weirdness & Mutations

You have a pair of horns on your head.
You reflexively headbutt those who attack you in melee.
A frigid envelope surrounds you and freezes all who hurt you.
Potions are less effective at restoring your health.
You occasionally lose the ability to drink potions when taking damage.


Message History

Your Axes skill increases to level 12!
You slice the electric eel!!
You feel the power of Trog in you as your rage grows.
You kill the electric eel!
Trog accepts your kill.
You hear a splash.
You closely miss the hound. You slice the hound!!
You kill the hound!
Trog accepts your kill.
The centaur shoots an arrow.
The arrow hits you but does no damage. The hound bites you but does no damage.
The hound is very cold.
The hound is almost dead.
You open the hound like a pillowcase!!!
You kill the hound!
Trog accepts your kill.
You slash the yak!
The centaur shoots an arrow.
The arrow hits you but does no damage. The yak gores you!
* * * LOW HITPOINT WARNING * * *
The yak is very cold.
The yak is heavily wounded.
The centaur shoots an arrow.
The arrow hits you.
* * * LOW HITPOINT WARNING * * *
The yak misses you.
You see here a hound corpse.
You feel a strong urge to attack something.
The centaur shoots an arrow.
The arrow hits you!
* * * LOW HITPOINT WARNING * * *
The centaur shoots an arrow.
The arrow hits you but does no damage.
You feel your anger nearly subside.
You are no longer berserk.
You are exhausted.
You feel yourself slow down.
The centaur shoots an arrow.
The arrow hits you but does no damage.
The centaur shoots an arrow.
The arrow hits you.
* * * LOW HITPOINT WARNING * * *
The yak gores you but does no damage.
The yak is very cold.
The yak is severely wounded.
The centaur shoots an arrow.
The arrow hits you but does no damage.
The centaur shoots an arrow.
The arrow hits you.
You die...

.~...~~~.~~......
#..
...~..~~~.......
#.. ~~~.~~≈~.~.....
#.. ≈≈~≈≈≈≈~~...[#
.. #..
~~.~≈≈†c†....#.....
...#..
..~~o~††..~..#....
...###
..~...†..Y...#...
.....
#....#..Y....#..#
#...
#[...#....@..#..#
#... #...
#######'#..# #...
#.. ...........#
#... ..$
..###......# #...
#......# #...
#......########...
#.................
##################


You could see 2 yaks, a centaur and an orc.

Vanquished Creatures
  A troll (D:9)
  6 yaks (D:7)
  An acid dragon (D:9)
  5 water moccasins
  An orc warrior (D:6)
  4 ice beasts
  2 black bears
  2 sky beasts
  4 wolves (D:9)
  4 ogres
  A centaur (D:8)
  A phantom (D:7)
  A kobold brigand (D:7)
  An elf zombie (Ossuary)
  3 bullfrogs
  2 scorpions
  4 killer bees (D:7)
  A howler monkey (D:8)
  An electric eel (D:9)
  A crimson imp (D:3)
  Crazy Yiuf (D:7)
  7 hounds
  2 jellies
  A human zombie (Ossuary)
  3 orc priests
  A gnoll bouda (D:7)
  2 iguanas (D:5)
  Jessica (D:2)
  A sleepcap (D:5)
  4 orc wizards
  2 mummies (Ossuary)
  Robin (D:2)
  6 gnolls (D:7)
  A river rat (D:3)
  3 adders
  A shadow imp (D:7)
  An ufetubus (D:6)
  4 worms
  4 dart slugs
  17 orcs
  7 ball pythons
  13 bats
  9 endoplasms
  3 giant cockroaches
  2 gnoll zombies (Ossuary)
  20 goblins
  5 hobgoblins
  8 jackals
  2 quokkas
  6 frilled lizards
  3 goblin zombies (Ossuary)
  4 hobgoblin zombies (Ossuary)
  13 kobolds
  3 orc zombies (Ossuary)
  7 rats (D:3)
214 creatures vanquished.

Notes
Turn   | Place    | Note
-------+----------+-------------------------------------------
     0 | D:1      | laros the Minotaur Berserker began the quest for the Orb.
     0 | D:1      | Reached XP level 1. HP: 19/19 MP: 0/0
   166 | D:1      | Reached XP level 2. HP: 25/27 MP: 1/1
   181 | D:1      | Reached skill level 4 in Axes
   348 | D:1      | Found Firo's Antique Armour Shop.
   700 | D:1      | Reached XP level 3. HP: 33/33 MP: 2/2
   860 | D:1      | Reached ** piety under Trog
   954 | D:2      | Found Enoig's Distillery.
  1008 | D:2      | Noticed Robin
  1025 | D:2      | Killed Robin
  1027 | D:2      | Reached XP level 4. HP: 38/41 MP: 0/3
  1333 | D:2      | Noticed Jessica
  1340 | D:2      | Killed Jessica
  1341 | D:2      | Reached skill level 5 in Axes
  1621 | D:2      | Bought a potion of curing for 30 gold pieces
  1621 | D:2      | Bought a potion of mutation for 80 gold pieces
  1741 | D:3      | Found a shimmering blue altar of Sif Muna.
  1965 | D:3      | Found a snail-covered altar of Cheibriados.
  2016 | D:3      | Found a glowing drain.
  2019 | D:3      | Reached *** piety under Trog
  2025 | Sewer    | Entered a sewer
  2028 | Sewer    | Reached XP level 5. HP: 30/47 MP: 4/4
  2407 | Sewer    | Noticed a water moccasin
  2415 | Sewer    | Killed a water moccasin
  2416 | Sewer    | Reached skill level 6 in Axes
  2626 | Sewer    | Gained mutation: You occasionally lose the ability to drink
                  | potions when taking damage. [potion of mutation]
  2626 | Sewer    | Gained mutation: You expend magic power (3 MP) to
                  | strengthen your wands. [potion of mutation]
  2627 | Sewer    | Lost mutation: You expend magic power (3 MP) to strengthen
                  | your wands. [potion of mutation]
  2627 | Sewer    | Lost mutation: You occasionally lose the ability to drink
                  | potions when taking damage. [potion of mutation]
  2627 | Sewer    | Gained mutation: Potions are less effective at restoring
                  | your health. [potion of mutation]
  2627 | Sewer    | Gained mutation: You occasionally lose the ability to drink
                  | potions when taking damage. [potion of mutation]
  2627 | Sewer    | Gained mutation: A frigid envelope surrounds you and
                  | freezes all who hurt you. [potion of mutation]
  2818 | D:3      | Found a shimmering altar of Xom.
  2818 | D:3      | Found a burning altar of Makhleb.
  2821 | D:3      | Reached XP level 6. HP: 55/55 MP: 5/5
  2880 | D:3      | Found a hazy altar of Hepliaklqana.
  3800 | D:4      | Reached skill level 5 in Fighting
  3800 | D:4      | Found a hide-covered altar of Uskayaw.
  3839 | D:4      | Reached skill level 5 in Armour
  3896 | D:4      | Reached XP level 7. HP: 59/61 MP: 6/6
  3919 | D:4      | Found a staircase to the Ecumenical Temple.
  3935 | D:4      | Found an ornate altar of the Wu Jian Council.
  3961 | D:4      | Reached skill level 7 in Axes
  3961 | D:4      | Reached skill level 1 in Stealth
  4337 | D:4      | Found an iron altar of Okawaru.
  4506 | D:4      | Found a stormy altar of Qazlal.
  4518 | D:4      | Found an ancient bone altar of Kikubaaqudgha.
  4819 | Temple   | Entered the Ecumenical Temple
  4864 | D:5      | Entered Level 5 of the Dungeon
  5012 | D:5      | Found Nicuar's Book Shoppe.
  5169 | D:5      | Reached skill level 8 in Axes
  5169 | D:5      | Reached XP level 8. HP: 65/70 MP: 7/7
  5879 | D:6      | Reached **** piety under Trog
  5957 | D:6      | Found a sand-covered staircase.
  5962 | Ossuary  | Entered an ossuary
  6599 | D:6      | Found a sparkling altar of Nemelex Xobeh.
  6644 | D:6      | Found a broken altar of Ashenzari.
  6659 | D:6      | Reached skill level 9 in Axes
  6713 | D:6      | Identified the +0 robe of the Baleful Eagle {rCorr}
  7128 | D:7      | Reached XP level 9. HP: 60/78 MP: 8/8
  7443 | D:7      | Reached skill level 10 in Axes
  7477 | D:7      | Reached skill level 11 in Axes
  7616 | D:7      | Found a runed translucent door.
  7617 | D:7      | Noticed Crazy Yiuf
  7876 | D:7      | Reached ***** piety under Trog
  8165 | D:7      | Killed Crazy Yiuf
  8361 | D:8      | HP: 4/81 [centaur/arrow (4)]
  9014 | D:8      | Received a gift from Trog
  9020 | D:8      | Reached XP level 10. HP: 49/88 MP: 9/9
  9265 | D:8      | Reached skill level 10 in Armour
  9828 | D:9      | Found a staircase to the Lair.
  9842 | D:9      | Reached skill level 12 in Axes
  9849 | D:9      | HP: 4/90 [centaur/arrow (4)]
  9850 | D:9      | Shot with an arrow by a centaur

Illustrated notes

Levels and vault maps discovered:
D:1:      amcnicky_arrival_abandoned_market, layout_basic, serial_forest,
          infiniplex_forest_clump_tiny, infiniplex_forest_corner_1,
          infiniplex_forest_end_3, infiniplex_forest_straight_3,
          infiniplex_forest_clump_small, infiniplex_forest_lined_corner,
          infiniplex_forest_zigzag_1, infiniplex_forest_straight_4,
          serial_shops, shop
D:2:      cheibrodos_helix_gallery, layout_rooms, serial_shops,
          nicolae_shop_peninsula, st_stairs_6, chequers_serial_rivers_small_3,
          uniq_robin, uniq_jessica
D:3:      layout_basic, grunt_temple_overflow_champion_of_chaos, slow_altar_1,
          mainiacjoe_overflow_catch_the_wave, portal_sewer_entry_e,
          kennysheep_boxes
D:4:      layout_basic, kennysheep_little_box, kiku_gazebo_pond_becter,
          nicolae_uskayaw_dance_hall, kennysheep_mini_moat,
          kennysheep_okawaru_gauntlet, minmay_temple_entry_proselytizer
D:5:      layout_basic, serial_curves, eino_curves_01, eino_curves_03,
          serial_shops, nicolae_diamond_shop, serial_bayou_pond_d
D:6:      layout_cave_pools, cheibrodos_ashenzari_chains,
          mainiacjoe_overflow_brackets, enter_ossuary_2
D:7:      layout_loops_ring, uniq_crazy_yiuf_cottage
D:8:      layout_basic, hex_tiny, kb_lookout_dungeons_type
D:9:      layout_irregular_city, erik_lair_island, nicolae_shop_clearance,
          uniq_erica
Temple:   jpeg_temple_alley_garden

Skill      XL: |  1  2  3  4  5  6  7  8  9 10 |
---------------+-------------------------------+-----
Axes           | 4 5 6 8 9 11 12 | 12.1
Fighting       | 4 5 6 8 |  8.6
Armour         | 3 4 5 6 7 9 10 | 10.4
Dodging        | 3 4 |  4.8
Stealth        | 1 2 |  2.1

Action                     |  1- 3 |  4- 6 |  7- 9 | 10-12 || total
---------------------------+-------+-------+-------+-------++-------
  Melee: Hand axe          |    77 |    72 |   189 |       ||   338
         Headbutt          |     9 |    11 |    34 |     1 ||    55
         Punch             |     1 |       |     2 |       ||     3
         Battleaxe         |       |       |     8 |       ||     8
         Executioner's axe |       |       |       |    16 ||    16
 Invoke: Berserk           |     1 |     1 |     3 |     1 ||     6
    Use: Potion            |       |     2 |       |       ||     2
 Armour: Ring mail         |    34 |    33 |     8 |       ||    75
         Scale mail        |       |       |    26 |       ||    26
         Plate armour      |       |       |    68 |    26 ||    94
  Dodge: Dodged            |    51 |    47 |   109 |    18 ||   225
